 Dungeon Crawl Stone Soup version 0.26-a0-664-gc8b27b8fc1 (webtiles) character file.

Game seed: 5945132750219022373

(classic levelgen) 15 EnegeticOcto the Covered (level 2, -3/27 HPs)
             Began as a Deep Dwarf Fighter on Oct 13, 2020.
             Slain by an ogre
             ... wielding a +0 giant club
              (8 damage)
             ... on level 3 of the Dungeon.
             The game lasted 00:00:17 (200 turns).

EnegeticOcto the Covered (Deep Dwarf Fighter)        Turns: 200, Time: 00:00:18

Health: -3/27      AC:  6    Str: 19    XL:     2   Next: 34%
Magic:  2/2        EV:  7    Int:  8    God:
Gold:   16         SH:  9    Dex: 12    Spells: 1/1 levels left

rFire    . . .     SeeInvis .   a - +0 war axe
rCold    . . .     Faith    .   c - +0 kite shield
rNeg     . . .     Spirit   .   b - +0 scale mail
rPois    .         Reflect  .   (no helmet)
rElec    .         Harm     .   (no cloak)
rCorr    .         Rampage  .   (no gloves)
MR       .....                  (no boots)
Stlth    ..........             (no amulet)
HPRegen  0.00/turn              (no ring)
MPRegen  0.08/turn              (no ring)

@: non-regenerating
A: damage resistance, heal wounds, sense surroundings 1, no regeneration
a: Heal Wounds


You were on level 3 of the Dungeon.
You visited 1 branch of the dungeon, and saw 3 of its levels.

You collected 16 gold pieces.

Inventory:

Hand Weapons
 a - a +0 war axe (weapon)
Armour
 b - a +0 scale mail (worn)
 c - a +0 kite shield (worn)
Scrolls
 e - a scroll of remove curse {unknown}
 f - a scroll of fog {unknown}
 i - a scroll of teleportation {unknown}
Potions
 d - a potion of might {@q3}
 g - a potion of haste {unknown}
 h - a potion of curing {unknown}


   Skills:
 + Level 2.8 Fighting
 * Level 2.7 Axes
 + Level 3.5 Armour
 + Level 3.4 Shields


You had one spell level left.
You didn't know any spells.
Your spell library was empty.

Dungeon Overview and Level Annotations

Branches:
Dungeon (3/15)

Altars:


Innate Abilities, Weirdness & Mutations

You are resistant to damage.
You can heal yourself by infusing magical energy.
You passively map a small area around you.
You do not regenerate.


Message History

No target in view!
No target in view!
No target in view!
A jackal comes into view.
The jackal barks!
You hear a bark!
A jackal comes into view.
There are monsters nearby!
There are monsters nearby!
There are monsters nearby!
You block the jackal's attack. The jackal bites you.
The jackal bites you but does no damage.
Found a stone staircase leading down.
You hit the jackal.
You kill the jackal!
You completely miss the jackal. The jackal closely misses you.
The jackal bites you.
You slash the jackal!
You kill the jackal!
No target in view!
No target in view!
No target in view!
No target in view!
No target in view!
No target in view!
You see here a jackal corpse.
A leopard gecko comes into view.
The leopard gecko hisses angrily.
A leopard gecko is nearby!
A leopard gecko is nearby!
A leopard gecko is nearby!
A leopard gecko is nearby!
Found a stone staircase leading down.
You barely miss the leopard gecko.
You block the leopard gecko's attack. x2
You closely miss the leopard gecko. You block the leopard gecko's attack.
You slash the leopard gecko!
You kill the leopard gecko!
No target in view!
No target in view!
No target in view!
No target in view!
No target in view!
No target in view!
No target in view!
No target in view!
No target in view!
(D) Dungeon
Where to? (Enter - D:2, ? - help)
There is a stone staircase leading down here.
You climb downwards.
There is a stone staircase leading up here.
Found 22 stones.
Found a stone staircase leading up.
No target in view!
No target in view!
No target in view!
No target in view!
No target in view!
No target in view!
No target in view!
No target in view!
Found 30 stones.
i - a scroll labeled IJUF KIVEFOJ You now have 16 gold pieces.
An ogre comes into view. It is wielding a +0 giant club.
The ogre shouts!
A rat comes into view.
There are monsters nearby!
There are monsters nearby!
There are monsters nearby!
A rat comes into view.
Found a ruby potion.
You hit the ogre.
The ogre is lightly wounded.
The ogre hits you with a +0 giant club!
A worm comes into view.
The ogre hits you with a +0 giant club!
* * * LOW HITPOINT WARNING * * *
You are too injured to fight recklessly!
You are too injured to fight recklessly!
You are too injured to fight recklessly!
You are too injured to fight recklessly!
You are too injured to fight recklessly!
You are too injured to fight recklessly!
You are too injured to fight recklessly!
You are too injured to fight recklessly!
You are too injured to fight recklessly!
You are too injured to fight recklessly!
You are too injured to fight recklessly!
You are too injured to fight recklessly!
You are too injured to fight recklessly!
You are too injured to fight recklessly!
You are too injured to fight recklessly!
You fail to use your ability.
You are too injured to fight recklessly!
You are too injured to fight recklessly!
You are too injured to fight recklessly!
You are too injured to fight recklessly!
You are too injured to fight recklessly!
You fail to use your ability.
The ogre hits you with a +0 giant club!
You die...

#......#
##.##.##..... , ,
#......#
##..#.......> *
#......#
#.......... ,
#(.....#
#........ *
########
#........ ,
#........
########.........
.........####....
*
.......".@O......
, , *
.................
...........r.....
...........r.....
########.........
#......!..
#w........*
#.!....... *


You could see an ogre, a worm and 2 rats.

Vanquished Creatures
  A leopard gecko (D:2)
  2 giant cockroaches (D:1)
  3 hobgoblins (D:2)
  3 jackals (D:2)
  A bat (D:2)
  A kobold (D:2)
  A rat (D:2)
12 creatures vanquished.

Notes
Turn   | Place    | Note
-------+----------+-------------------------------------------
     0 | D:1      | EnegeticOcto the Deep Dwarf Fighter began the quest for the
                  | Orb.
     0 | D:1      | Reached XP level 1. HP: 20/20 MP: 1/1
    96 | D:2      | Reached XP level 2. HP: 25/27 MP: 2/2
   195 | D:3      | Noticed an ogre
   200 | D:3      | Slain by an ogre

Illustrated notes

Levels and vault maps discovered:
D:1:      dpeg_arrival_castle, layout_rooms, serial_park_tiny_2
D:2:      layout_rooms, chequers_ecumenical_altar_simple_redux
D:3:      layout_basic, elyvilon_altar_5, grunt_decor_one_mirror,
          uniq_crazy_yiuf_cottage, uniq_robin, uniq_sigmund

Action                   || total
-------------------------++-------
Melee: War axe           ||    28
Armor: Scale mail        ||     7
Dodge: Dodged            ||    10
Block: Kite shield       ||    17

Table legend: (Time is in decaauts)
 A = Elapsed time spent in this place.
 B = Non-inter-level travel time spent in this place.
 C = Inter-level travel time spent in this place.
 D = Time resting spent in this place.
 E = Time spent auto-exploring this place.
 F = Levels seen in this place.
 G = Mean time per level.
                   A        B        C        D        E       F      G
               +--------+--------+--------+--------+--------+-----+--------+
         Total |    212 |    204 |      8 |      0 |    122 |   3 |   70.7 |
       Dungeon |    212 |    204 |      8 |      0 |    122 |   3 |   70.7 |
               +--------+--------+--------+--------+--------+-----+--------+

Top non-repeatable levels by time:
     D:2: 127 daAuts
     D:1: 50 daAuts
     D:3: 34 daAuts
